 Dungeon Crawl Stone Soup version 0.31-a0-240-gb923e448b6 (webtiles) character file.

Game seed: 9937424164560114840

114 qw the Shooter (level 4, -6/26 HPs)
             Began as a Gargoyle Hexslinger on July 12, 2023.
             Mangled by an orc
             ... wielding a +1 mace of venom
              (7 damage)
             ... on level 2 of the Dungeon.
             The game lasted 00:00:53 (1901 turns).

qw the Shooter (Gargoyle Hexslinger)                Turns: 1901, Time: 00:00:53

Health: -6/26      AC:  9    Str: 11 (12) XL:     4   Next: 97%
Magic:  5/5        EV: 10    Int: 12 (13) God:
Gold:   129        SH:  0    Dex: 14      Spells: 4/5 levels left

rFire   . . .        g - +2 sling (heavy)
rCold   . . .        (no shield)
rNeg    + . .        f - +0 ring mail
rPois   inf          (no helmet)
rElec   +            (no cloak)
rCorr   .            (no gloves)
SInv    .            d - +0 pair of boots
Will    .....        (no amulet)
Stlth   +            (no ring)
HPRegen 0.24/turn    (no ring)
MPRegen 0.09/turn

%: no passive effects
@: no status effects
A: sickness immunity, AC +3, negative energy resistance 1, electricity
resistance, torment resistance 1, petrification resistance
a: no special abilities


You were on level 2 of the Dungeon.
You visited 1 branch of the dungeon, and saw 3 of its levels.

You collected 129 gold pieces.


Innate Abilities, Weirdness & Mutations

You are immune to sickness and miasma.
Your stone body is resilient. (AC +3)
You are immune to poison.
You resist negative energy. (rN+)
You are resistant to electric shocks. (rElec)
You are resistant to unholy torment.
You are immune to petrification.


   Skills:
 - Level 2.0 Fighting
 + Level 4.4 Ranged Weapons
 - Level 1.3 Armour
 - Level 1.5 Dodging
 - Level 1.0 Spellcasting
 - Level 2.6 Hexes


You had 4 spell levels left.
You knew the following spells:

 Your Spells              Type           Power      Damage    Failure   Level
a - Slow                  Hex            28%        N/A       24%         1

Your spell library contained the following spells:

 Spells                   Type           Power      Damage    Failure   Level
 Inner Flame              Hex/Fire       3%         N/A       77%         3
 Portal Projectile        Hex/Tloc       6%         N/A       77%         3
 Cause Fear               Hex            3%         N/A       93%         4

Inventory:

Hand Weapons
 g - a +2 heavy sling (weapon)
Armour
 d - a +0 pair of boots (worn)
 f - a +0 ring mail (worn)
Scrolls
 a - 2 scrolls of identify

Dungeon Overview and Level Annotations

Branches:
Dungeon (3/15)

Altars:
Zin


Message History

Enter note:
Enter note:
Enter note:
Enter note:
Enter note: You start resting.
HP restored.
Done exploring.
(D) Dungeon
Where to? (* - list waypoints, Enter - D:3, ? - help)
What level of the Dungeon? (default 1, ? - help)
You climb downwards.
The orc hits you with a +1 mace of venom.
The orc barely misses you.
There is a stone staircase leading up here.
1895 ||| STAIRDANCE The orc hits you but does no damage. x2
You climb upwards.
There is a stone staircase leading down here.
You shoot a sling bullet. The sling bullet barely misses the orc.
The orc hits you with a +1 mace of venom.
The orc barely misses you. The orc hits you but does no damage.
The orc closely misses you.
You shoot a sling bullet.
The sling bullet closely misses the orc.
The orc hits you with a +1 mace of venom.
The orc hits you with a +0 whip. The orc barely misses you.
The orc hits you with a +0 whip.
You shoot a sling bullet. The sling bullet barely misses the orc.
The orc hits you but does no damage. x2
The orc hits you with a +1 mace of venom.
You shoot a sling bullet.
The sling bullet hits the orc but does no damage.
The orc hits you but does no damage.
The orc hits you with a +1 mace of venom.
The orc misses you. The orc hits you but does no damage.
You shoot a sling bullet. The sling bullet barely misses the orc.
The orc closely misses you.
The orc hits you with a +1 mace of venom!
You die...

#.......##..........
####.#####.##.######### #....#
#.##.# ##.###### #.##.#
#.......###.##.#
#...........##.#
#.......######.# #####
#......)######.#####....
#.....o@o...............
#.......###..#.####.....
##......# ##.#.# #.....
###################...####.....
#..............................
#.###################..........
#.# ##########.####.... #.#
#..........# #.... #.#
###..........####....


You could see 2 orcs.

Vanquished Creatures
  A gnoll (D:3)
  6 adders
  A worm (D:2)
  2 dart slugs
  2 orcs (D:3)
  3 endoplasms
  3 giant cockroaches
  3 goblins
  2 jackals (D:1)
  A quokka (D:1)
  2 ball pythons
  4 bats
  6 frilled lizards
  5 kobolds
  2 rats
43 creatures vanquished.

Notes
Turn   | Place    | Note
-------+----------+-------------------------------------------
     0 | D:1      | qw the Gargoyle Hexslinger began the quest for the Orb.
     0 | D:1      | Reached XP level 1. HP: 12/12 MP: 2/2
     0 | D:1      | 0 ||| qw: Version: 0.3-a-52-g30416fa
     0 | D:1      | 0 ||| qw: Game counter: 6174
     0 | D:1      | 0 ||| qw: Melee chars always use a shield: true
     0 | D:1      | 0 ||| qw: God list: Okawaru
     0 | D:1      | 0 ||| qw: Allow faded altars: false
     0 | D:1      | 0 ||| qw: Do Orc after clearing Dungeon:15 true
     0 | D:1      | 0 ||| qw: Do second Lair branch before Depths: true
     0 | D:1      | 0 ||| qw: Lair rune preference: random
     0 | D:1      | 0 ||| qw: Goals: Normal
     0 | D:1      | 0 ||| PLANNING D:1-11
    24 | D:1      | You fall into a shaft and drop 1 floor!
    76 | D:2      | HP: 2/12 [adder (3)]
    84 | D:2      | HP: 1/12 [adder (3)]
    91 | D:2      | HP: 2/12 [adder (1)]
    93 | D:2      | Reached skill level 3 in Ranged Weapons
    93 | D:2      | Reached XP level 2. HP: 3/16 MP: 3/3
   227 | D:2      | Reached XP level 3. HP: 10/21 MP: 4/4
   424 | D:2      | 424 ||| UPGRADING to +0 leather armour.
   434 | D:2      | 434 ||| DROPPING +0 robe.
   435 | D:2      | 435 ||| UPGRADING to +0 ring mail.
   445 | D:2      | 445 ||| DROPPING +0 leather armour.
   446 | D:2      | 446 ||| DROPPING ring of flight.
   447 | D:2      | 447 ||| READING 2 scrolls labelled BOARE PUEZAU.
   448 | D:2      | 448 ||| DROPPING scroll of poison.
   791 | D:1      | Found a faded altar of an unknown god.
   924 | D:1      | 924 ||| READING scroll labelled QIGELE YCKOR.
   925 | D:1      | 925 ||| READING scroll labelled XURUAZ GUOCS.
   926 | D:1      | 926 ||| DRINKING 3 fuming golden potions.
   927 | D:1      | 927 ||| DROPPING 2 potions of degeneration.
  1212 | D:2      | Found a glowing silver altar of Zin.
  1422 | D:2      | Reached XP level 4. HP: 26/26 MP: 5/5
  1444 | D:2      | Reached skill level 4 in Ranged Weapons
  1599 | D:2      | Reached skill level 1 in Armour
  1780 | D:2      | 1780 ||| UPGRADING to +0 pair of boots.
  1785 | D:2      | 1785 ||| READING scroll labelled SAMOSMESTI.
  1786 | D:2      | 1786 ||| READING 2 scrolls labelled ZEAM YMOBAUL.
  1787 | D:2      | 1787 ||| READING scroll labelled KEZXONO RUOCW.
  1788 | D:2      | 1788 ||| READING scroll labelled CAMUEMP FAATI.
  1792 | D:2      | 1792 ||| READING 3 scrolls of identify.
  1792 | D:2      | 1792 ||| IDENTIFYING green potion
  1793 | D:2      | 1793 ||| DROPPING scroll of fog.
  1794 | D:2      | 1794 ||| DROPPING potion of berserk rage.
  1857 | D:3      | 1857 ||| FLEEEEING.
  1858 | D:3      | 1858 ||| FLEEEEING.
  1861 | D:3      | 1861 ||| FLEEEEING.
  1865 | D:3      | 1865 ||| FLEEEEING.
  1867 | D:3      | 1867 ||| FLEEEEING.
  1868 | D:3      | 1868 ||| FLEEEEING.
  1869 | D:3      | 1869 ||| STAIRDANCE
  1895 | D:3      | 1895 ||| STAIRDANCE
  1899 | D:2      | HP: 5/26 [orc/+1 mace of venom (6)]
  1900 | D:2      | HP: 1/26 [orc/+1 mace of venom (5)]
  1901 | D:2      | Mangled by an orc

Levels and vault maps discovered:
D:1:      wander_arrival_peaceful_grave, layout_rooms,
          dreamdust_ecumenical_altar_sealed_demon
D:2:      layout_basic, basic_altar
D:3:      cheibrodos_pilgrimage, layout_basic, minmay_surrounded, uniq_natasha,
          uniq_robin

Skill      XL: |  1  2  3  4 |
---------------+-------------+-----
Ranged Weapons | 3 4 |  4.4
Fighting       | 2 |  2.0
Armour         | 1 |  1.3
Dodging        | |  1.5
Spellcasting   | |  1.0
Hexes          | |  2.6

Action                     |  1- 3 |  4- 6 || total
---------------------------+-------+-------++-------
   Fire: Sling             |   165 |    55 ||   220
    Use: Scroll            |     3 |     5 ||     8
         Potion            |     1 |       ||     1
 Armour: Robe              |    22 |       ||    22
         Ring mail         |    42 |    28 ||    70
  Dodge: Dodged            |    82 |    24 ||   106

Table legend:
 A = Non-vault XP
 B = Vault XP
 C = Vault XP percentage of total XP
 D = Non-vault monster count
 E = Vault monster count
 F = Vault count percentage of total count
                 A         B        C        D         E       F
            +---------+---------+-------+---------+---------+-------
      Total |     140 |      23 |  14.1 |      38 |       5 |  11.6
            +---------+---------+-------+---------+---------+-------
        D:1 |      23 |       0 |   0.0 |      12 |       0 |   0.0
        D:2 |     103 |       0 |   0.0 |      25 |       0 |   0.0
        D:3 |      14 |      23 |  62.2 |       1 |       5 |  83.3
            +---------+---------+-------+---------+---------+-------
